[Event "*** SCC Grand Prix: Titled Tuesday Blitz"]
[Site "Chess.com"]
[Date "2020.07.14"]
[Round "2"]
[White "Sjakkerntobi"]
[Black "kassablanca"]
[Result "0-1"]
[WhiteElo "2349"]
[BlackElo "2631"]
[TimeControl "180+1"]
[EndTime "10:19:06 PDT"]
[Termination "kassablanca won by checkmate"]

1. e4 c6 2. Nc3 d5 3. Nf3 g6 4. d4 Bg7 5. e5 Nh6 6. h4 Bg4 7.
Be2 Nf5 8. Bf4 h5 9. Qd2 Bxf3 10. Bxf3 Qb6 11. O-O-O e6 12. g4 hxg4 13. Bxg4 Nxh4 14. Bg5 Nf5 15. Rxh8+ Bxh8 16. Rh1 Bg7 17. Bxf5 exf5 18. Bf6 Bf8 19. e6 fxe6 20. Qg5 Qc7 21. Qxg6+ Qf7 22. Qg5 Nd7 23. Be5 Nxe5 24. dxe5 Be7 25. Qe3 Kd7 26.
Na4 Kc7 27. Kb1 b6 28. c4 Kb7 29. cxd5 cxd5 30. Rc1 Qe8 31. Nc3 Rc8 32. Ne2 Rxc1+ 33. Qxc1 Bc5 34. f4 Qb5 35. Qd1 Qc4 36. a3 d4 37. Nc1 Qd5 38. Nd3 a6 39. b4 Be7 40.
Qc2 Qe4 41. Kb2 Qd5 42. Qb3 Qxb3+ 43. Kxb3 b5 44. a4 Kc6 45. a5 Kd5 46. Kc2 Kc4 47. Ne1 Bxb4 48. Nf3 Kd5 49. Kd3 Bc5 50. Ne1 Ba7 51. Nf3 Bc5 52. Nd2 b4 53. Nb3 Ba7 54.
Nd2 Kc5 55. Nb3+ Kb5 56. Nd2 Kxa5 57. Kc4 Ka4 58. Nb3 Ka3 59. Nd2 a5 60. Kb5 b3 61.
Nc4+ Ka2 62. Kc6 b2 63. Nxb2 Kxb2 64. Kd6 d3 65. Kxe6 d2 66. Kf7 d1=Q 67. e6 Qd5 68. Kf6 Bd4+ 69. Kf7 Kc3 70. Ke7 Kc4 71. Kf7 Kc5 72. Ke7 Kc6 73. Kf7 Kd6 74. Kg6 Qxe6+ 75. Kh5 Qg8 76. Kh4 Qg4# 0-1

[Event "*** SCC Grand Prix: Titled Tuesday Blitz"]
[Site "Chess.com"]
[Date "2020.07.14"]
[Round "2"]
[White "marianokar"]
[Black "pavelalexandru07"]
[Result "1-0"]
[WhiteElo "2408"]
[BlackElo "2136"]
[TimeControl "180+1"]
[EndTime "10:19:06 PDT"]
[Termination "marianokar won by resignation"]

1. e4 c5 2. Nf3 d6 3. Bb5+ Nd7 4. O-O a6 5. Bd3 Ngf6 6. Re1 b5 7. c3 c4 8. Bc2 Bb7 9. a4 e6 10. d3 cxd3 11.
Bxd3 bxa4 12. Qxa4 Be7 13. e5 dxe5 14. Nxe5 O-O 15.
Nc6 Qe8 16. Nxe7+ Qxe7 17. Qh4 Qd6 18. Bc2 Qd5 19. f3 Rac8 20. Rd1 Qc5+ 21. Qf2 Qxf2+ 22.
Kxf2 Nc5 23. Be3 Ncd7 24. Kf1 Rfd8 25. Nd2 Ne5 26. Nb3 Nc4 27. Rxd8+ Rxd8 28. Bc1 Nd5 29. Ke2 Rc8 30. Na5 Nxa5 31. Rxa5 Nb6 32. Bd3 Nd5 33. Bd2 Rc6 34. b4 Rb6 35. Ra4 g6 36. c4 Ne7 37.
Be3 Rc6 38. b5 axb5 39. cxb5 Rc7 40. Ra7 Nd5 41. b6 Rd7 42. g3 Nxe3 43. Kxe3 Kf8 44. Bb5 Re7 45. f4 f6 46. Kd4 Kf7 47. Kc5 e5 48. Bc4+ Kg7 49. Kd6 e4 50. Kxe7 e3 51.
Rxb7 e2 52. Bxe2 1-0

[Event "*** SCC Grand Prix: Titled Tuesday Blitz"]
[Site "Chess.com"]
[Date "2020.07.14"]
[Round "2"]
[White "PattyCastillo"]
[Black "ARTHURMOTIVATOR"]
[Result "0-1"]
[WhiteElo "1935"]
[BlackElo "2344"]
[TimeControl "180+1"]
[EndTime "10:19:06 PDT"]
[Termination "ARTHURMOTIVATOR won on time"]

1. d4 Nf6 2. Nf3 c5 3. e3 g6 4. Nc3 cxd4 5. exd4 d5 6. Bf4 Bg7 7. Be2 O-O 8. h3 a6 9. O-O Nc6 10. Ne5 Nd7 11. Nxc6 bxc6 12. Na4 e5 13. dxe5 Nxe5 14. c3 Re8 15. Re1 Bf5 16. Nc5 Qb6 17.
b4 a5 18. a3 Nd7 19. Nxd7 Bxd7 20. Rc1 Re6 21. Be3 Qb7 22. Bc5 Rae8 23. Qd2 axb4 24. cxb4 Re4 25. Bf3 R4e6 26. Rxe6 Bxe6 27. Re1 Bf8 28.
Bxf8 Rxf8 29. Qd4 Ra8 30. Qc3 Qa6 31. Rc1 Qxa3 32. Qxa3 Rxa3 33. Rxc6 Rb3 34. Rb6 d4 35. Be4 d3 36. Rd6 Rxb4 37. Bxd3 Kf8 38. Be2 Ke7 39.
Rd2 Kf6 40. Bf3 Ke5 41. g3 Kf6 42. Bg2 h5 43. h4 Bf5 44. Kh2 Kg7 45. f3 Ra4 46.
Bh3 Bxh3 47. Kxh3 Ra3 48. Kg2 Rb3 49. Re2 Rc3 50. Rd2 Ra3 51. Re2 Kf6 52. Rd2 Ra5 53. Re2 Re5 54. Kf2 Rxe2+ 55. Kxe2 Ke5 56. Ke3 f6 57. f4+ Kd5 58. Kf3 Kd4 59. g4 hxg4+ 60.
Kxg4 Ke4 0-1

[Event "*** SCC Grand Prix: Titled Tuesday Blitz"]
[Site "Chess.com"]
[Date "2020.07.14"]
[Round "2"]
[White "Vesper2018"]
[Black "WeAintSurePal"]
[Result "1-0"]
[WhiteElo "2582"]
[BlackElo "2270"]
[TimeControl "180+1"]
[EndTime "10:19:07 PDT"]
[Termination "Vesper2018 won by resignation"]

1. e4 c6 2. Nf3 d5 3. exd5 cxd5 4. Ne5 Nc6 5. d4 Nf6 6. c3 e6 7. Bd3 Nxe5 8. dxe5 Nd7 9. Qe2 Qc7 10. f4 g5 11. O-O gxf4 12. Bxf4 Bg7 13. Re1 a6 14.
Kh1 Nc5 15. Bc2 b6 16. Nd2 Bb7 17. Nf3 Ne4 18. Bxe4 dxe4 19. Ng5 Bxe5 20. Nxe6 Qd6 21. Ng7+ Kf8 22. Nf5 Qf6 23. Bh6+ Ke8 24. Ng7+ Ke7 25. Qh5 Qxg7 26. Bxg7 Bxg7 27. Qg4 Bf6 28. Rxe4+ Kf8 29. Re2 Rg8 30. Qf5 Rg6 31. Rf1 Rd8 32. Ref2 Kg7 33. Qh3 Rd5 34. Qf3 Rd7 35. Qe3 Rd5 36. Qe4 Rd7 37. Qe8 Re7 38. Qb8 Rd7 39. h3 Bc6 40.
Rxf6 Rxf6 41. Qe5 Rd6 42. Kh2 Re6 43. Qd4 b5 44. Rxf6 Rxf6 45. g4 h6 46. Kg3 Kg6 47. h4 Rf3+ 48. Kh2 h5 49. g5 Kh7 50. Qd6 Rf2+ 51. Kg3 Be4 52. Qh6+ Kg8 53. Qxh5 Bg6 54.
Qd1 Rf5 55. Qd2 Re5 56. Kg4 Re4+ 57. Kg3 Bf5 58. h5 Rg4+ 59. Kf3 Be6 60. h6 Rh4 61.
Qd8+ Kh7 62. g6+ Kxg6 63. Qxh4 1-0

[Event "*** SCC Grand Prix: Titled Tuesday Blitz"]
[Site "Chess.com"]
[Date "2020.07.14"]
[Round "2"]
[White "pirulillo"]
[Black "Agent-JL"]
[Result "0-1"]
[WhiteElo "2131"]
[BlackElo "2407"]
[TimeControl "180+1"]
[EndTime "10:19:07 PDT"]
[Termination "Agent-JL won by checkmate"]

1. e4 c5 2. Nf3 e6 3. d3 Nc6 4. g3 Qc7 5. Bg2 b5 6. O-O Bb7 7. Re1 Nf6 8. h4 d5 9. e5 Nd7 10. Bf4 b4 11. Nbd2 Nd4 12. c3 Nf5 13. cxb4 cxb4 14. Nb3 a5 15. Rc1 Qb6 16. g4 Nh6 17.
Be3 Qd8 18. Bh3 a4 19. Nbd4 Be7 20. g5 Ng8 21. Nb5 Kf8 22. Nbd4 g6 23. Bxe6 Nc5 24. Bh3 h6 25. Bg4 hxg5 26. Bxg5 Ra5 27. Bxe7+ Nxe7 28. Qd2 Bc8 29. Bxc8 Qxc8 30. Qg5 Rh5 31. Qg3 Qd7 32. Ng5 Ne6 33. Ndxe6+ fxe6 34. f4 Nf5 35. Qf3 Rxh4 36.
Rc2 Qa7+ 37. Rf2 Qe7 38. Qg2 Kg7 39. Kf1 Ra8 40. Ke2 Rah8 41. Rg1 Nd4+ 42. Kd2 Qc5 43. Rc1 Qa5 44. Nf3 b3+ 45. Ke3 Nc2+ 46. Rcxc2 bxc2 47. Nd4 Rh3+ 48. Ke2 c1=Q 49. Nxe6+ Kf7 50. Ng5+ Ke7 51.
Nxh3 Qae1+ 52. Kf3 Qce3+ 53. Kg4 Qxh3+ 54. Qxh3 Rxh3 55. Kxh3 Qxf2 56. Kg4 Qg2+ 57. Kh4 Ke6 58. f5+ Kxf5 59.
d4 Qg4# 0-1

[Event "*** SCC Grand Prix: Titled Tuesday Blitz"]
[Site "Chess.com"]
[Date "2020.07.14"]
[Round "2"]
[White "maxsergej"]
[Black "Maxim_e2e4"]
[Result "0-1"]
[WhiteElo "2089"]
[BlackElo "2385"]
[TimeControl "180+1"]
[EndTime "10:19:07 PDT"]
[Termination "Maxim_e2e4 won on time"]

1. e4 c5 2. Nf3 d6 3. d4 cxd4 4. Nxd4 Nf6 5. Nc3 a6 6. Be3 e5 7. Nf3 Qc7 8. h3 h6 9. Nd2 Be6 10. Be2 b5 11. a3 Be7 12. O-O O-O 13. Bf3 Nbd7 14. Nd5 Nxd5 15. exd5 Bf5 16. c3 Bh7 17. Re1 f5 18. Nf1 e4 19. Bh5 f4 20. Bd4 Bf6 21.
Bg4 Ne5 22. Be6+ Kh8 23. Nh2 Nd3 24. Bxf6 Rxf6 25. Ng4 Rff8 26. Rf1 Nxb2 27. Qd4 Qc5 28. Qxc5 dxc5 29. Ne5 Bf5 30. Nd7 Bxe6 31. dxe6 Rfc8 32. Rfe1 Rc6 33. Rxe4 Re8 34. Rae1 Nd3 35. Ne5 Nxe5 36. Rxe5 Kg8 37. g3 fxg3 38. fxg3 Re7 39. Kg2 a5 40. Kf3 b4 41. Kf4 b3 42. c4 a4 43. R1e2 Rb6 44. Rb2 Rbxe6 45. Rxc5 Re4+ 46. Kf5 Re3 47. Ra5 Rf3+ 48.
Kg4 Rc3 49. Rxa4 Re4+ 50. Kf5 Rd4 51. Rb4 Rxg3 52. R2xb3 Rg5+ 53. Ke6 Rf4 54. Kd7 Re5 55. Rb8+ Kh7 56. R3b6 Rxc4 57. Rf8 Rd4+ 58. Kc7 Rc5+ 59.
Rc6 Rdc4 0-1

[Event "*** SCC Grand Prix: Titled Tuesday Blitz"]
[Site "Chess.com"]
[Date "2020.07.14"]
[Round "2"]
[White "JoliyRoger"]
[Black "realmadridtv"]
[Result "0-1"]
[WhiteElo "2260"]
[BlackElo "2455"]
[TimeControl "180+1"]
[EndTime "10:19:08 PDT"]
[Termination "realmadridtv won by resignation"]

1. Nf3 Nf6 2. c4 b6 3. d4 Bb7 4. Nc3 g6 5. Qc2 Bg7 6. e4 d6 7. Bd3 O-O 8. h3 Nbd7 9. Bg5 Qe8 10. a3 e5 11. d5 Nh5 12. O-O-O Nf4 13. Bf1 h6 14. Bh4 f5 15. Bg3 Nc5 16. Nd2 fxe4 17.
Ndxe4 Bc8 18. f3 a6 19. Bf2 Nh5 20. Be2 Bd7 21. Rhe1 Nxe4 22. Nxe4 Nf4 23. Bf1 b5 24. c5 Bf5 25. g4 Bxe4 26. Qxe4 a5 27. c6 b4 28. a4 b3 29. h4 Rb8 30. Bb5 h5 31. g5 Rf5 32. Re3 Qf7 33. Rxb3 Rf8 34. Bg3 Nh3 35.
Rdd3 Ng1 36. Ba6 Nxf3 37. Kb1 Nd4 38. Rb7 Rf1+ 39. Ka2 Rc1 40. Rc3 Rxc3 41. bxc3 Nf3 42. Bf2 Nd2 43. Qe2 Qxf2 44. Qxf2 Rxf2 45. Rxc7 e4 46. Rd7 Be5 47. c7 Nc4+ 48. Kb3 Nb6 49. Rd8+ Kf7 50. c8=Q Nxc8 51. Bxc8 e3 52. Ba6 e2 53.
Rd7+ Ke8 54. Bxe2 Kxd7 55. Bb5+ Kc7 56. Bd3 Kb6 57. Bxg6 Rh2 58. Bxh5 Rxh4 59. Bf7 Rg4 60. g6 Rg5 61. Kc4 Bg7 62. Kd3 Kc5 63. c4 Rg4 0-1

[Event "*** SCC Grand Prix: Titled Tuesday Blitz"]
[Site "Chess.com"]
[Date "2020.07.14"]
[Round "2"]
[White "aa175"]
[Black "NotFischer"]
[Result "0-1"]
[WhiteElo "2387"]
[BlackElo "2134"]
[TimeControl "180+1"]
[EndTime "10:19:08 PDT"]
[Termination "NotFischer won by resignation"]

1. d4 Nf6 2. Nf3 d6 3. Bf4 c6 4. e3 Bg4 5. Be2 Nbd7 6. c3 Qc7 7. h3 Bxf3 8. Bxf3 e5 9. dxe5 dxe5 10. Bh2 Be7 11. Nd2 O-O 12. Qc2 Rfe8 13. O-O Rad8 14. Rad1 Bf8 15. Ne4 h6 16. Nxf6+ Nxf6 17. Rxd8 Rxd8 18.
Rd1 Re8 19. Qf5 Qe7 20. Bg3 g6 21. Qc2 Qe6 22. Qa4 a6 23. Be2 Qf5 24. Bd3 e4 25. Bc2 Nh5 26. Bh4 g5 27. g4 Qe5 28. gxh5 gxh4 29.
Kh1 Bd6 30. Rg1+ Kh8 31. Rg2 Qf5 32. Qd4+ Qe5 33. Bb3 Rg8 34. Bxf7 Rxg2 35. Kxg2 Qxd4 36.
cxd4 c5 37. dxc5 Bxc5 38. Bd5 b6 39. Bxe4 Kg7 40. Kf3 Kf6 41. Kg4 a5 42. Kxh4 Be7 43.
a4 Ke5+ 44. Kg4 Kxe4 45. f4 Kxe3 46. Kf5 Bb4 47. Ke5 Bc5 48. f5 Bd4+ 49. Kd5 Bxb2 50. Kc6 Bd4 51. Kd5 Bc5 52. f6 Kf4 53. Ke6 Kg3 54. f7 Kxh3 55. Kf5 Kh4 56. Kg6 Bf8 57.
Kf6 Kxh5 58. Kf5 Bg7 59. Ke6 Kg6 60. Ke7 Bf6+ 61. Kf8 Bg7+ 62. Kg8 h5 63. f8=N+ Bxf8 64. Kh8 h4 65. Kg8 h3 66. Kh8 h2 67. Kg8 h1=Q 68.
Kxf8 Qh7 69. Ke8 Kf6 70. Kd8 Ke6 71. Kc8 Kd6 72. Kb8 Kc6 73. Ka8 0-1

[Event "*** SCC Grand Prix: Titled Tuesday Blitz"]
[Site "Chess.com"]
[Date "2020.07.14"]
[Round "2"]
[White "AnishOnYoutube"]
[Black "Natalya_Buksa"]
[Result "1-0"]
[WhiteElo "2848"]
[BlackElo "2524"]
[TimeControl "180+1"]
[EndTime "10:19:09 PDT"]
[Termination "AnishOnYoutube won by checkmate"]

1. d4 d5 2. c4 e6 3. Nf3 Nf6 4. Nc3 Be7 5. Bf4 O-O 6. e3 b6 7. Bd3 Bb7 8. O-O dxc4 9. Bxc4 c5 10. Qe2 Nbd7 11. Rad1 Qc8 12. Bg3 Ne4 13. Nxe4 Bxe4 14. Ba6 Qc6 15. dxc5 Bxf3 16. gxf3 Nxc5 17. Bb5 Qb7 18.
b4 a6 19. Bc4 Na4 20. Qc2 b5 21. Bd3 h6 22. Bh7+ Kh8 23. Be4 Qc8 24. Qb3 Ra7 25.
Rc1 Qd8 26. Rfd1 Qb6 27. a3 Bf6 28. Bb1 Rd8 29. Qc2 g6 30. Kg2 Rad7 31. Rxd7 Rxd7 32.
h4 h5 33. Qe4 Kg7 34. Be5 Qd8 35. Rc6 Bxe5 36. Qxe5+ Qf6 37. Qxf6+ Kxf6 38. Rxa6 Nc3 39. Be4 Nxe4 40. fxe4 Rd3 41. Kf3 Rb3 42. Ra5 Ke7 43.
e5 Kd7 44. Rxb5 Rxa3 45. Rb7+ Ke8 46. Kf4 Rb3 47. Kg5 Rb2 48. f4 Rb3 49. Kf6 Rxe3 50. Re7+ Kd8 51. Rxf7 Re4 52. Kxg6 Rxb4 53. Kxh5 Ke8 54.
Kg6 Rb2 55. Kf6 Rh2 56. Rh7 Rg2 57. Kxe6 Rg6+ 58. Kf5 Rb6 59. Rg7 Rb4 60. h5 Rb6 61.
Rg6 Rb2 62. h6 Kf7 63. Rg7+ Kf8 64. Ra7 Rh2 65. h7 Rh5+ 66. Kg6 Rh4 67. Ra8+ Ke7 68. h8=Q Rg4+ 69. Kf5 Rg2 70. Ra7# 1-0

[Event "*** SCC Grand Prix: Titled Tuesday Blitz"]
[Site "Chess.com"]
[Date "2020.07.14"]
[Round "2"]
[White "Dinamo81"]
[Black "jonychess03"]
[Result "1-0"]
[WhiteElo "2639"]
[BlackElo "2304"]
[TimeControl "180+1"]
[EndTime "10:19:12 PDT"]
[Termination "Dinamo81 won by resignation"]

1. d4 Nf6 2. Bf4 e6 3. e3 d5 4. Nf3 c5 5. c3 Nc6 6. Nbd2 Qb6 7.
Qb3 Be7 8. Be2 O-O 9. h3 Nd7 10. O-O Qxb3 11. axb3 f6 12. dxc5 Bxc5 13. b4 Bb6 14.
Bd6 Re8 15. e4 d4 16. Nc4 dxc3 17. bxc3 Bd8 18. Rfd1 Be7 19. b5 Nd8 20. e5 fxe5 21.
Nfxe5 Nxe5 22. Nxe5 Bxd6 23. Rxd6 Nf7 24. Nxf7 Kxf7 25. Bf3 a6 26. b6 Rb8 27. c4 Ke7 28. c5 Bd7 29. Rad1 Bb5 30. Bg4 Kf7 31.
Bh5+ g6 32. Bf3 Ke7 33. h4 h5 34. Be4 Kf7 35. f4 Ba4 36. R1d3 Bb5 37. Rg3 Rg8 38.
Kf2 Kf6 39. Re3 Rge8 40. Bc2 Bc4 41. Rd7 Red8 42. Rxd8 Rxd8 43. Ke1 Bd5 44. g3 Bc6 45. Rd3 Rc8 46. Bb3 Be4 47. Rc3 Bd5 48. Bc2 Rc6 49.
Ke2 a5 50. Ba4 Rc8 51. Ke3 Bc6 52. Bxc6 Rxc6 53. Kd4 a4 54. Kc4 e5 55. Ra3 exf4 56.
gxf4 Kf5 57. Rxa4 Kxf4 58. Kb5+ Kg3 59. Ra7 Kxh4 60. Rxb7 Rf6 61. c6 Rf5+ 62. Ka6 Rf1 63. Rd7 Ra1+ 64. Kb7 g5 65. c7 Rc1 66. c8=Q Rxc8 67.
Kxc8 g4 68. b7 g3 69. b8=Q g2 70. Qh2+ Kg4 71. Qxg2+ 1-0

[Event "*** SCC Grand Prix: Titled Tuesday Blitz"]
[Site "Chess.com"]
[Date "2020.07.14"]
[Round "2"]
[White "Batsai"]
[Black "secretsuperstar7"]
[Result "1-0"]
[WhiteElo "2402"]
[BlackElo "2118"]
[TimeControl "180+1"]
[EndTime "10:19:15 PDT"]
[Termination "Batsai won by checkmate"]

1. d4 Nf6 2. c4 e6 3. Nc3 Bb4 4. e3 d5 5. Bd3 O-O 6. Ne2 dxc4 7.
Bxc4 c5 8. a3 Bxc3+ 9. bxc3 cxd4 10. cxd4 b6 11. O-O Bb7 12. a4 Nc6 13. Ba3 Re8 14.
Rc1 Rc8 15. Ng3 Qd7 16. Qe2 Na5 17. Bb5 Bc6 18. Bb4 Qd5 19. f3 Nb3 20. Rxc6 Rxc6 21. Bxc6 Qxc6 22. Qb5 Rc8 23. Qxc6 Rxc6 24. Rb1 Rc1+ 25.
Rxc1 Nxc1 26. Bd6 Nd5 27. e4 Nc3 28. Bb8 a6 29. Bc7 b5 30. axb5 axb5 31. Ba5 N3e2+ 32.
Kf2 Nxd4 33. Ke3 Nc6 34. Bb6 b4 35. Kd2 Na2 36. Kc2 Nc3 37. Kb3 Nb5 38. Ne2 Kf8 39.
Kc4 Na3+ 40. Kb3 Nb5 41. Bc5+ Ke8 42. Bxb4 Ncd4+ 43. Nxd4 Nxd4+ 44. Kc4 Ne2 45. Bd2 Ke7 46. Kd3 Ng1 47. Be3 Nxf3 48. gxf3 f5 49. exf5 exf5 50. Kd4 g6 51. Bg5+ Ke6 52. f4 Kd6 53. Bh6 Ke6 54. Kc5 Kd7 55. Kd5 Ke7 56. Ke5 Kf7 57. Kd6 Kg8 58.
Ke7 Kh8 59. h4 Kg8 60. Kf6 Kh8 61. Kf7 g5 62. fxg5 f4 63. h5 f3 64. g6 hxg6 65. hxg6 f2 66. Bg7# 1-0

[Event "*** SCC Grand Prix: Titled Tuesday Blitz"]
[Site "Chess.com"]
[Date "2020.07.14"]
[Round "2"]
[White "pedro_nascimento85"]
[Black "Khazieva_Elza"]
[Result "1-0"]
[WhiteElo "1947"]
[BlackElo "2328"]
[TimeControl "180+1"]
[EndTime "10:19:15 PDT"]
[Termination "pedro_nascimento85 won on time"]

1. d4 Nf6 2. c4 d6 3. Nc3 Bf5 4.
Bg5 Nbd7 5. Nf3 h6 6. Bh4 e5 7. e3 Be7 8. Be2 O-O 9. O-O c6 10. b4 Ne4 11. Bxe7 Qxe7 12. Nxe4 Bxe4 13. Nd2 Bg6 14.
Nb3 Nf6 15. Bd3 e4 16. Bc2 d5 17. c5 Bh5 18. Qc1 Nh7 19. a4 Qg5 20. Bd1 Bf3 21.
Bxf3 exf3 22. g3 Qh5 23. Kh1 Ng5 24. Nd2 Qh3 25. Rg1 Rfe8 26. Qd1 Qg4 27. b5 Re6 28.
bxc6 bxc6 29. Rb1 Rae8 30. Rb7 R6e7 31. Rb4 Nh3 32. Rf1 h5 33. Qxf3 Ng5 34. Qxg4 hxg4 35. Rfb1 Re6 36. Rb8 Kh7 37. Rxe8 Rxe8 38. Rb7 a5 39.
Kg2 Re6 40. Rb6 Nh3 41. Nb3 Rf6 42. f4 gxf3+ 43. Kxh3 f2 44. Nd2 f1=Q+ 45. Nxf1 Rxf1 46. Rxc6 Ra1 47. Rd6 Rxa4 48. Rxd5 Ra3 49. c6 Rxe3 50. Rc5 Re8 51. Rxa5 Rc8 52. d5 Kg6 53. Rc5 Kf6 54. d6 Ke6 55. d7 Rc7 56. Rc2 Ke7 57. Kg4 g6 58. h4 Kd8 59. Kg5 Ra7 60. Kf6 Ra3 61.
g4 1-0

[Event "*** SCC Grand Prix: Titled Tuesday Blitz"]
[Site "Chess.com"]
[Date "2020.07.14"]
[Round "2"]
[White "MikeSailer"]
[Black "sasko1234"]
[Result "1/2-1/2"]
[WhiteElo "2141"]
[BlackElo "2400"]
[TimeControl "180+1"]
[EndTime "10:19:17 PDT"]
[Termination "Game drawn by repetition"]

1. d4 Nf6 2. Nf3 d6 3. Bf4 Bg4 4. e3 Nbd7 5. Be2 c6 6. h3 Bh5 7. c4 e6 8. Nc3 Be7 9. O-O O-O 10. b4 d5 11. c5 Bg6 12. b5 Ne4 13. Nxe4 dxe4 14. Nd2 e5 15. Bh2 exd4 16. exd4 Nf6 17. bxc6 bxc6 18. Nc4 Nd5 19. Qb3 Bg5 20. Ne5 Qf6 21.
Nd7 Qxd4 22. Nxf8 Rxf8 23. Bd6 Nf4 24. Bc4 Re8 25. Rad1 Qf6 26. Bxf4 Bxf4 27. Rd7 a5 28. Rfd1 h5 29. Qb6 e3 30. fxe3 Bxe3+ 31. Kh1 Re5 32. Qd8+ Qxd8 33. Rxd8+ Kh7 34. R8d7 f6 35. Bd3 Rxc5 36.
Bxg6+ Kxg6 37. Re7 Bf4 38. g4 hxg4 39. hxg4 Rc2 40. Rdd7 Bh6 41. Re4 Rxa2 42. Rc4 a4 43. Rxc6 a3 44. Ra6 Ra1+ 45. Kg2 Bc1 46. Raa7 Bh6 47. Rd3 Ra2+ 48. Kf3 Bc1 49. Rdd7 Bh6 50. Rd3 Rb2 51. Raxa3 Rb4 52. Ra7 Rb5 53. Rdd7 Rb3+ 54. Ke4 Rb4+ 55. Kf3 Rb3+ 56. Kg2 Rb2+ 57. Kf3 Rb3+ 1/2-1/2

[Event "*** SCC Grand Prix: Titled Tuesday Blitz"]
[Site "Chess.com"]
[Date "2020.07.14"]
[Round "2"]
[White "attack2mateU"]
[Black "albano87"]
[Result "1-0"]
[WhiteElo "2665"]
[BlackElo "2441"]
[TimeControl "180+1"]
[EndTime "10:19:19 PDT"]
[Termination "attack2mateU won on time"]

1. e4 c5 2. Nf3 Nc6 3. Bb5 d6 4. O-O Bd7 5. Re1 Nf6 6. c3 a6 7. Bf1 Bg4 8. d4 cxd4 9. cxd4 d5 10. e5 Ne4 11. h3 Bf5 12. Nh4 Bc8 13. Be3 e6 14. Nf3 Be7 15. Nbd2 O-O 16. Nxe4 dxe4 17. Nd2 Nxd4 18. Nxe4 Nf5 19. Qxd8 Rxd8 20. Bb6 Rd7 21.
Red1 Rd5 22. Nc3 Rd7 23. a3 f6 24. f4 Rxd1 25. Rxd1 fxe5 26. fxe5 Nh6 27. Bc4 Nf7 28.
Bc7 b5 29. Ba2 b4 30. axb4 Bxb4 31. Na4 Ra7 32. Bb6 Rb7 33. Bc5 Bxc5+ 34. Nxc5 Rxb2 35. Bxe6 Bxe6 36. Nxe6 Nxe5 37. Nc7 a5 38. Ra1 Nc6 39. Rc1 Nb4 40. Rc5 Ra2 41. Rb5 Nd3 42. Rb6 a4 43. Nd5 a3 44. Ra6 Ra1+ 45. Kh2 h6 46. h4 Kf7 47. h5 Ne1 48. Kg3 Nc2 49.
Nc3 Re1 50. Nb5 Re3+ 51. Kf4 Rb3 52. Nd6+ Ke6 53. Nc4+ Kd5 54. Nb6+ Kc5 55. Nd7+ Kb5 56. Rb6+ Kc4 57. Ne5+ Kc5 58. Rxb3 a2 59. Rc3+ 1-0

[Event "*** SCC Grand Prix: Titled Tuesday Blitz"]
[Site "Chess.com"]
[Date "2020.07.14"]
[Round "2"]
[White "sergoy"]
[Black "OhanyanEminChess"]
[Result "1-0"]
[WhiteElo "2805"]
[BlackElo "2504"]
[TimeControl "180+1"]
[EndTime "10:19:20 PDT"]
[Termination "sergoy won on time"]

1. d4 Nf6 2. c4 c5 3. d5 b5 4. cxb5 a6 5. bxa6 g6 6. Nc3 Bg7 7. e4 O-O 8. Nf3 d6 9. Be2 Qa5 10. Bd2 Bxa6 11. O-O Nbd7 12. h3 Rfb8 13. b3 Ne8 14.
Bxa6 Qxa6 15. Qc2 Nc7 16. a4 Qb7 17. Rab1 Na6 18. Nb5 Nb6 19. Bc3 Bxc3 20. Qxc3 Nb4 21. Qd2 Nc8 22. Rbd1 Na7 23. Nxa7 Rxa7 24. e5 Rd8 25. e6 f6 26. Rfe1 Na6 27. Re3 Qb4 28.
Qe2 Nc7 29. h4 h5 30. Qc2 Kh7 31. Re4 Qb7 32. Qd3 Rb8 33. Re3 Qb4 34. Nd2 Qg4 35. Nf3 Rb4 36. Qc2 Ne8 37. Rde1 Ng7 38. Re4 Qf5 39. Qb1 Rxe4 40. Qxe4 Qxe4 41. Rxe4 Nf5 42.
Nd2 Kg7 43. Rc4 Kf8 44. Rc3 Nd4 45. Kf1 Rb7 46. Rg3 Kg7 47. Ke1 Nf5 48. Rh3 Rb4 49. Nc4 Nd4 50. Na5 Kf8 51. Kd2 Rb6 52. Kc3 Ra6 53. Nc4 Nf5 54. f3 Nd4 55. g4 Ne2+ 56. Kd2 Nf4 57. Rh1 Nxd5 58. gxh5 gxh5 59. Rg1 Nf4 60.
Re1 Nd5 61. a5 Nb4 62. Ra1 Nc6 63. f4 d5 64. Nb6 Rxa5 65. Nd7+ 1-0

[Event "*** SCC Grand Prix: Titled Tuesday Blitz"]
[Site "Chess.com"]
[Date "2020.07.14"]
[Round "2"]
[White "mfwagnerpeixoto"]
[Black "MuradNuri"]
[Result "0-1"]
[WhiteElo "2239"]
[BlackElo "2446"]
[TimeControl "180+1"]
[EndTime "10:19:23 PDT"]
[Termination "MuradNuri won on time"]

1. e4 c5 2. c3 e6 3. Nf3 d5 4. exd5 exd5 5. d4 Bd6 6. Bb5+ Nc6 7. O-O Ne7 8. Nbd2 O-O 9. dxc5 Bxc5 10. Nb3 Bb6 11.
Bg5 Qd6 12. Re1 Bg4 13. Bh4 Nf5 14. Bg3 Nxg3 15. hxg3 Qxg3 16. Nbd4 Qd6 17. Qd3 Rad8 18. Ba4 Bc8 19. Bc2 g6 20. Qe3 Qf6 21. Qh6 Qg7 22. Qxg7+ Kxg7 23. Nxc6 bxc6 24. Re7 Rfe8 25. Rae1 Rxe7 26.
Rxe7 Kf6 27. Re1 c5 28. Ne5 h5 29. Nd3 Bf5 30. Bb1 d4 31. c4 g5 32. b3 h4 33. f3 Rh8 34. Nf2 Bxb1 35. Rxb1 Re8 36. Kf1 Kg6 37. Ne4 f5 38. Nf2 Re3 39. Re1 Ba5 40. Rxe3 dxe3 41. Nd3 Bb6 42. Ke2 f4 43. Ne5+ Kf5 44. Ng4 Ba5 45. Kd3 Bb4 46. Nh6+ Kg6 47.
Ng4 h3 48. gxh3 Kh5 49. Ke2 Kh4 50. Ne5 Kxh3 51. Ng4 Kg3 52. Ne5 Bc3 53. Nd3 g4 54. fxg4 Bd4 55. Ne1 Kxg4 56. Nf3 Bc3 57. Nh2+ Kg3 58.
Nf3 Bf6 59. Ne1 Bd4 60. Nf3 Bc3 61. Ng5 Kg2 62. Nf3 Bf6 63. Ne1+ Kg3 64. Nf3 a5 65.
Ne1 Bc3 66. Nf3 Kg4 67. Nh2+ Kh3 68. Nf3 Kg2 69. Nh4+ Kg3 70. Nf3 Kg4 71. Nh2+ Kf5 72. Nf3 Ke4 73. Ng5+ Kf5 74. Nf3 Bf6 75. Ne1 Ke5 76.
Nf3+ Ke4 77. Ne1 Kd4 78. Nd3 f3+ 0-1

[Event "*** SCC Grand Prix: Titled Tuesday Blitz"]
[Site "Chess.com"]
[Date "2020.07.14"]
[Round "2"]
[White "2nd_life"]
[Black "VovenRogel"]
[Result "1/2-1/2"]
[WhiteElo "2486"]
[BlackElo "2721"]
[TimeControl "180+1"]
[EndTime "10:19:24 PDT"]
[Termination "Game drawn by stalemate"]

1. e4 c6 2. d4 d5 3. e5 Bf5 4.
h4 h5 5. Bd3 Bxd3 6. Qxd3 Qa5+ 7. Nd2 e6 8. Nf3 Nh6 9. O-O Nf5 10. b3 Qa6 11. c4 Be7 12. g3 Nd7 13. a4 Rd8 14. Ba3 Bxa3 15. Rxa3 O-O 16. b4 dxc4 17. Qxc4 Qxc4 18. Nxc4 Nb6 19. Na5 Nxd4 20. Nxb7 Nxf3+ 21. Rxf3 Rd4 22. b5 cxb5 23. axb5 Rd5 24. Ra1 Nc8 25. Nd6 Nxd6 26. exd6 Rxd6 27. Rxa7 Rb6 28. Rb3 Rfb8 29. Ra5 f6 30. Kg2 e5 31. Kf3 Kf7 32. Ke3 Ke6 33. f4 Kf5 34. fxe5 fxe5 35. Kf3 R8b7 36. Rb4 g6 37. Rb3 Rd6 38. Ra8 Rd5 39. Rf8+ Ke6 40.
Rg8 Kf6 41. g4 hxg4+ 42. Kxg4 Kf7 43. Rc8 Rdxb5 44. Rxb5 Rxb5 45. Rc7+ Kf6 46. Rc6+ Kg7 47. Kg5 e4+ 48. Kf4 Rb4 49. Kg5 Rb5+ 50. Kf4 Rh5 51. Kg4 Re5 52. Kf4 Re8 53. Ke3 Kh6 54. Rc5 Re7 55. Rd5 Re6 56. Rc5 Re8 57. Rd5 Ra8 58. Kxe4 Ra4+ 59. Kf3 Rxh4 60. Kg2 Rh5 61. Rxh5+ Kxh5 62. Kh3 Kg5 63. Kg3 Kf5 64. Kf3 Kg5 65. Kg3 Kh6 66.
Kh4 Kh7 67. Kg4 Kg7 68. Kg5 Kf7 69. Kg4 Kf6 70. Kf4 g5+ 71. Kg4 Kg6 72. Kg3 Kf5 73. Kf3 g4+ 74. Kg3 Kg5 75. Kg2 Kf4 76. Kf2 g3+ 77. Kg2 Kg4 78. Kg1 Kf3 79. Kf1 g2+ 80. Kg1 Kg3 1/2-1/2

[Event "*** SCC Grand Prix: Titled Tuesday Blitz"]
[Site "Chess.com"]
[Date "2020.07.14"]
[Round "2"]
[White "Yana_pro"]
[Black "timator"]
[Result "0-1"]
[WhiteElo "2226"]
[BlackElo "2602"]
[TimeControl "180+1"]
[EndTime "10:19:24 PDT"]
[Termination "timator won by checkmate"]

1. e4 e5 2. Nf3 Nc6 3. d4 exd4 4. Bc4 Be7 5. c3 Nf6 6. e5 Ne4 7. Bd5 Nc5 8. cxd4 Ne6 9. O-O O-O 10. Nc3 d6 11.
Be4 Nb8 12. Qc2 h6 13. Rd1 dxe5 14. dxe5 Qe8 15. Nd5 c6 16. Nxe7+ Qxe7 17. b3 Na6 18. a4 Nb4 19. Qc3 a5 20. Ba3 Qc5 21. Qe1 Qe7 22. Rd6 Nc5 23. Bxb4 axb4 24. Qxb4 Nxe4 25. Qxe4 Be6 26.
Qe3 Rfd8 27. Rad1 Bd5 28. Nd4 Rxd6 29. exd6 Qxe3 30. fxe3 Rd8 31. Kf2 g6 32. Nf3 Bxb3 33. Rb1 Bxa4 34. Rxb7 Rxd6 35. Rb8+ Kg7 36. Ne5 Re6 37.
Nd3 Bb5 38. Nc5 Re5 39. Nd7 Rf5+ 40. Kg3 Bf1 41. h4 Bb5 42. Rc8 Rd5 43. Rc7 Rd6 44. Ne5 Rf6 45. Kh2 h5 46. g3 Rf5 47. Nd7 Rf3 48. Ne5 Rf5 49. Nd7 g5 50. hxg5 Rxg5 51. Kg2 Kg6 52. Kf2 f6 53. Nf8+ Kf5 54. Rf7 Bc4 55.
e4+ Kxe4 56. Rxf6 Rf5+ 57. Rxf5 Kxf5 58. Nh7 Be6 59. Nf8 Bc8 60. Ke3 Kf6 61. Kd4 Kg7 62.
Ne6+ Bxe6 63. Kc5 Bd5 64. Kd6 Kf6 65. Kc5 Kg5 66. Kd6 Kg4 67. Kc5 Kxg3 68. Kd4 h4 69.
Kc5 h3 70. Kd6 h2 71. Kc7 h1=Q 72. Kb8 Qd1 73. Ka7 c5 74. Kb6 Bh1 75. Ka5 c4 76. Kb4 Qb3+ 77. Ka5 c3 78. Ka6 Bc6 79. Ka5 Qb5# 0-1